 Dungeon Crawl Stone Soup version 0.29-a0-550-g81e455f4c2 (webtiles) character file.

Game seed: 3015647258683326728

143 Morbidden the Conjurer (level 5, -1/25 HPs)
             Began as a Vine Stalker Conjurer on June 5, 2022.
             Slain by Ijyb
             ... wielding a +4 club
              (5 damage)
             ... on level 3 of the Dungeon.
             The game lasted 00:04:19 (2552 turns).

Morbidden the Conjurer (Vine Stalker Conjurer)      Turns: 2552, Time: 00:04:20

Health: -1/25      AC:  4    Str:  9    XL:     5   Next: 25%
Magic:  0/10       EV: 12    Int: 20    God:
Gold:   143        SH:  0    Dex: 13    Spells: 7/10 levels left

rFire   . . .      SeeInvis .     - Unarmed
rCold   . . .      Faith    .   (no shield)
rNeg    . . .      Spirit   +   a - +0 robe
rPois   .          Reflect  .   (no helmet)
rElec   .          Harm     .   f - +1 cloak
rCorr   .          Rampage  .   (no gloves)
Will    .....                   (no boots)
Stlth   ++........              (no amulet)
HPRegen 0.88/turn               (no ring)
MPRegen 0.12/turn               (no ring)

@: no status effects
A: fangs 2, regeneration 1, magic shield, antimagic bite, no potion heal 2
a: no special abilities


You were on level 3 of the Dungeon.
You visited 1 branch of the dungeon, and saw 3 of its levels.

You collected 143 gold pieces.

Inventory:

Armour
 a - a +0 robe (worn)
 f - a +1 cloak (worn)
Scrolls
 d - 2 scrolls of enchant armour
 e - a scroll of brand weapon
Potions
 b - a potion of magic
 c - a potion of lignification {unknown}
 l - a potion of attraction {unknown}
 m - a potion of haste {unknown}


   Skills:
 * Level 1.2 Fighting
 * Level 2.0 Dodging
 + Level 2.7 Stealth
 * Level 1.1 Unarmed Combat
 * Level 3.1 Spellcasting
 * Level 5.1 Conjurations


You had 7 spell levels left.
You knew the following spells:

 Your Spells              Type           Power      Damage    Failure   Level
a - Magic Dart            Conj           92%        1d7       1%          1
b - Searing Ray           Conj           46%        2d6       2%          2

Your spell library contained the following spells:

 Spells                   Type           Power      Damage    Failure   Level
 Beastly Appendage        Tmut           6%         N/A       14%         1
 Dazzling Flash           Conj/Hex       26%        N/A       14%         3
 Wereblood                Tmut           3%         N/A       22%         2
 Spider Form              Tmut/Pois      3%         N/A       38%         3
 Fulminant Prism          Conj/Hex       6%         3d7       43%         4
 Iskenderun's Mystic Bla  Conj/Tloc      13%        2d5       43%         4
 Chain Lightning          Conj/Air       6%         3d8       100%        9
 Fire Storm               Conj/Fire      6%         8d2       100%        9
 Shatter                  Erth           1%         3d6*      100%        9


Dungeon Overview and Level Annotations

Branches:
Dungeon (3/15)

Altars:

Annotations:
D:3 Ijyb


Innate Abilities, Weirdness & Mutations

You have extremely sharp teeth.
Your natural rate of healing is unusually fast.
When hurt, damage is shared between your health and your magic reserves.
Your bite disrupts and absorbs the magic of your enemies.
Potions cannot restore your health.


Message History

The curare-tipped dart barely misses Ijyb.
Unknown command.
Throw: dart (curare)
Press: ? - help, Q - select action, (/) - cycle Shift-Dir - straight line, f/p - Ijyb
Aim: Ijyb, wielding a +4 club and wearing a +2 chain mail of fire resistance (heavily wounded, poisoned, slow, 56% to hit)
You throw a curare-tipped dart.
The curare-tipped dart closely misses Ijyb.
Ijyb misses you.
Unknown command.
You hit Ijyb but do no damage.
Ijyb is heavily wounded.
Ijyb barely misses you.
Unknown command.
You closely miss Ijyb. Your bite misses Ijyb.
Ijyb is heavily wounded.
Unknown command.
You barely miss Ijyb. Your bite misses Ijyb.
Ijyb is heavily wounded.
Ijyb completely misses you.
You hit Ijyb but do no damage.
Ijyb is heavily wounded.
Unknown command.
You completely miss Ijyb. You bite Ijyb, but do no damage.
Ijyb is severely wounded.
Ijyb hits you with a +4 club.
You hit Ijyb but do no damage. You bite Ijyb, but do no damage.
Ijyb is severely wounded.
Unknown command.
You hit Ijyb but do no damage. You bite Ijyb, but do no damage.
Ijyb is severely wounded.
Ijyb hits you with a +4 club.
You hit Ijyb but do no damage. Your bite misses Ijyb.
Ijyb is severely wounded.
Ijyb is no longer moving slowly.
Ijyb looks more healthy.
Ijyb hits you with a +4 club!
* * * LOW HITPOINT WARNING * * *
You hit Ijyb but do no damage.
Ijyb is severely wounded.
Ijyb hits you with a +4 club.
You die...

##### ##...##
##.....## #.......#
#.......# #...@...#
###########.g...##
####...............##
.....#.....##.......#
............†([.....#
.......####.###.....#
.....'## ### #....##
.....#≈r≈≈≈≈+ #...##
...g.#≈≈≈r≈≈+ ..##


You could see Ijyb.

Vanquished Creatures
  2 orc wizards (D:3)
  2 adders (D:2)
  2 river rats (D:3)
  3 dart slugs
  2 orcs (D:3)
  6 ball pythons
  4 endoplasms
  4 giant cockroaches
  3 hobgoblins
  2 quokkas (D:1)
  5 bats
  5 frilled lizards
  7 goblins
  6 rats
53 creatures vanquished.

Notes
Turn   | Place    | Note
-------+----------+-------------------------------------------
     0 | D:1      | Morbidden the Vine Stalker Conjurer began the quest for the
                  | Orb.
     0 | D:1      | Reached XP level 1. HP: 9/9 MP: 4/4
   268 | D:1      | Reached XP level 2. HP: 14/14 MP: 1/6
   712 | D:1      | Reached XP level 3. HP: 7/17 MP: 0/7
   951 | D:1      | Found a faded altar of an unknown god.
  1360 | D:2      | Learned a level 2 spell: Searing Ray
  2112 | D:2      | Gained mutation: Your natural rate of healing is unusually
                  | fast. [Vine Stalker growth]
  2112 | D:2      | Reached XP level 4. HP: 21/21 MP: 4/9
  2432 | D:3      | Reached skill level 1 in Fighting
  2432 | D:3      | Reached skill level 1 in Unarmed Combat
  2436 | D:3      | Reached skill level 5 in Conjurations
  2436 | D:3      | Reached XP level 5. HP: 25/25 MP: 0/10
  2513 | D:3      | Noticed Ijyb
  2552 | D:3      | Slain by Ijyb

Illustrated notes

Levels and vault maps discovered:
D:1:      evilmike_arrival_home_sweet_home, layout_basic,
          hellmonk_ecumenical_altar_arch_garden, hangedman_glass_teeth
D:2:      layout_basic, minmay_stone_trees_small, minmay_tromino_v4_b
D:3:      layout_rooms, gup_sewer_entry_bowl, uniq_ijyb

Skill      XL: |  1  2  3  4  5 |
---------------+----------------+-----
Fighting       | 1 |  1.2
Unarmed Combat | 1 |  1.1
Spellcasting   | 3 |  3.1
Conjurations   | 5 |  5.1
Dodging        | 2 |  2.0
Stealth        | |  2.7

Action                   |  1- 3 |  4- 6 || total
-------------------------+-------+-------++-------
Melee: Unarmed           |    33 |    17 ||    50
       Bite              |     8 |     6 ||    14
Throw: Dart              |       |     4 ||     4
 Cast: Magic Dart        |    69 |    16 ||    85
       Searing Ray       |       |     2 ||     2
  Use: Scroll            |       |     5 ||     5
Armor: Robe              |    16 |     3 ||    19
Dodge: Dodged            |    46 |     7 ||    53

Table legend: (Time is in decaauts)
 A = Elapsed time spent in this place.
 B = Non-inter-level travel time spent in this place.
 C = Inter-level travel time spent in this place.
 D = Time resting spent in this place.
 E = Time spent auto-exploring this place.
 F = Levels seen in this place.
 G = Mean time per level.
                   A        B        C        D        E       F      G
               +--------+--------+--------+--------+--------+-----+--------+
         Total |   2551 |   2416 |    135 |     70 |   1989 |   3 |  850.3 |
       Dungeon |   2551 |   2416 |    135 |     70 |   1989 |   3 |  850.3 |
               +--------+--------+--------+--------+--------+-----+--------+

Top non-repeatable levels by time:
     D:2: 1291 daAuts
     D:1: 1170 daAuts
     D:3: 89 daAuts
